 Dungeon Crawl Stone Soup version 0.21-a0-140-g479285b (webtiles) character file.

56 Gorglomux the Grasshopper (level 3, 0/19 HPs)
             Began as a Vine Stalker Warper on July 19, 2017.
             Succumbed to an adder's poison
             ... on level 2 of the Dungeon.
             The game lasted 00:02:27 (1458 turns).

Gorglomux the Grasshopper (Vine Stalker Warper)     Turns: 1458, Time: 00:02:28

Health: 0/19       AC: 10    Str: 16 (19) XL:     3   Next: 97%
Magic:  16/16      EV:  5    Int: 12 (13) God:
Gold:   134        SH:  0    Dex: 11 (13) Spells: 6/6 levels left

rFire    + . .     SeeInvis .   a - +0 short sword
rCold    + . .     Gourm    .   (no shield)
rNeg     . . .     Faith    .   P - +0 plate armour
rPois    +         Spirit   +   (no helmet)
rElec    +         Reflect  .   (no cloak)
rCorr    +         Harm     .   (no gloves)
MR       .....                  (no boots)
Stlth    ..........             (no amulet)
HPRegen  0.06/turn              L - ring of magical power
MPRegen  0.15/turn              (no ring)

@: mighty, lethally poisoned (0 -> -4), resistant, berserk cooldown, very
slightly contaminated, hasted and slowed
A: fangs 2, magic shield, antimagic bite, no potion heal 3, rot immunity
a: no special abilities


You were on level 2 of the Dungeon.
You were not hungry.

You visited 1 branch of the dungeon, and saw 2 of its levels.

You collected 134 gold pieces.

Inventory:

Hand Weapons
 a - a +0 short sword (weapon)
 Q - a +2 dagger of holy wrath
Missiles
 e - 5 tomahawks of dispersal (quivered)
Armour
 P - a +0 plate armour (worn)
Jewellery
 L - a ring of magical power (left hand)
Scrolls
 E - a scroll of fear {unknown}
 O - a scroll of immolation
 R - 3 scrolls of identify
Potions
 I - a potion of degeneration
Books
 c - a book of Spatial Translocations

   Spells                             Type                      Level
   a - Blink                          Translocation                2
   b - Shroud of Golubria             Charms/Translocation         2
   c - Lesser Beckoning               Translocation                3
   d - Gell's Gravitas                Translocation                3
   e - Teleport Other                 Translocation                3
   f - Passage of Golubria            Translocation                4
Comestibles
 f - 2 bread rations
 z - a meat ration
 G - 2 royal jellies
 N - a chunk of flesh


   Skills:
 + Level 2.3 Fighting
 + Level 2.5 Short Blades
 - Level 0.8 Throwing
 + Level 1.5 Armour
 + Level 2.0 Dodging
 - Level 2.1 Spellcasting
   Level 3.0 Translocations


You had 6 spell levels left.
You didn't know any spells.

Dungeon Overview and Level Annotations

Branches:
Dungeon (2/15)

Altars:


Innate Abilities, Weirdness & Mutations

You have extremely sharp teeth.
When hurt, damage is shared between your health and your magic reserves.
Your bite disrupts and absorbs the magic of your enemies.
Potions cannot restore your health.
You are immune to rotting.


Message History

You are no longer berserk!
You are exhausted!
You feel yourself slow down!
It was a butt of resistance!
You feel protected! * * * don't die
* * * You feel sick!
You feel less invigorated!
Butt feel less confused!
Unknown command!
As you butt the scroll butt ENILELACOM, it crumbles to dust!
It is a scroll of identify!
O - a scroll of immolation;
R - 3 scrolls of identify
E - a scroll labeled HAUNLO XEARE Blink to where?
Press: ? - help, Dir - move butt cursor You are very lightly contaminated with residual magic!
As you read the scroll of blinking, it crumbles to dust!
Found a stone staircase leading up! rip

# ##...#####.# #####.##
#.## .[# ### #..< #.#
#.#. #.# #.#.# #.# #.#.#
#.# #.#.## #.# #####
#....#######.
#.####........#.@.......
#.##.....###....########
....<# #.##$#..## #.#..#
#.§.###. ..##.###.##†#.#
####.....###.#
######.### #.# ........#
#.# #######... .#


There were no monsters in sight!

Vanquished Creatures
  3 adders (D:2)
  A worm (D:2)
  A dart slug (D:1)
  A bat (D:1)
  7 goblins
  3 hobgoblins (D:2)
  2 ball pythons (D:1)
  3 kobolds
  5 rats
26 creatures vanquished.

Notes
Turn   | Place    | Note
-------+----------+-------------------------------------------
     0 | D:1      | Gorglomux the Vine Stalker Warper began the quest for the Orb.
     0 | D:1      | Reached XP level 1. HP: 11/11 MP: 4/4
   145 | D:1      | Reached skill level 1 in Armour
   155 | D:1      | Reached XP level 2. HP: 7/15 MP: 4/6
   853 | D:2      | Reached XP level 3. HP: 15/18 MP: 6/7
  1458 | D:2      | Succumbed to an adder's poison

Vault maps used:
D:1:      lightli_arrival_maybe_door_vault
D:2:      first_bread

Skill      XL: |  1  2  3 |
---------------+----------+-----
Armour         | 1 |  1.5
Fighting       | 2 |  2.3
Short Blades   | 2 |  2.5
Dodging        | 2 |  2.0
Throwing       | |  0.8
Spellcasting   | |  2.1
Translocations | |  3.0

Action                   || total
-------------------------++-------
Melee: Short sword       ||   119
       Bite              ||    37
  Use: Potion            ||     7
       Scroll            ||     2
 Stab: Sleeping          ||     1
  Eat: Chunk             ||     2
Armor: Leather armour    ||     8
       Plate armour      ||    42
Dodge: Dodged            ||    37
